 Dungeon Crawl Stone Soup version 0.31-a0-983-g7b6862f502 (webtiles) character file.

Game seed: 2209290504048043946

3996 miscthings the Prestidigitator (level 10, -3/114 HPs)
             Began as a Gnoll Artificer on Nov 3, 2023.
             Was a High Priest of Makhleb.
             Slain by a killer bee (7 damage)
             ... on level 8 of the Dungeon.
             The game lasted 00:20:56 (7552 turns).

miscthings the Prestidigitator (Gnoll Artificer)    Turns: 7552, Time: 00:20:56

Health: -3/114     AC: 25    Str: 15    XL:     10   Next: 23%
Magic:  17/17      EV:  2    Int: 12    God:    Makhleb [*****.]
Gold:   296        SH:  0    Dex: 12    Spells: 17/19 levels left

rFire   . . .        y - +4 short sword (freeze)
rCold   . . .        (no shield)
rNeg    . . .        h - melded +0 ring mail
rPois   +            i - melded +0 helmet
rElec   .            w - melded scarf {shadows}
rCorr   .            o - melded +1 pair of gloves
SInv    .            (boots currently unavailable)
Will    .....        (no amulet)
Stlth   +++          (no ring)
HPRegen 0.39/turn    (no ring)
MPRegen 0.15/turn

%: no passive effects
@: tree-form
A: stationary, stasis, torment immunity, boosted hp, (fangs 1), strong nose,
distributed training
a: Renounce Religion, Minor Destruction, Lesser Servant of Makhleb, Major
Destruction, Greater Servant of Makhleb


You were on level 8 of the Dungeon.
You worshipped Makhleb.
Makhleb was extremely pleased with you.
You were a tree.
You visited 1 branch of the dungeon, and saw 8 of its levels.
You also visited: Sewer.

You collected 481 gold pieces.
You spent 185 gold pieces at shops.

Inventory:

Hand Weapons
 n - a +5 mace
 r - the +4 falchion of Resob {antimagic, rF- Int+5 SInv}
   (You found it on level 5 of the Dungeon)

   Int+5:     It affects your intelligence (+5).
   rF-:       It makes you vulnerable to fire.
   SInv:      It lets you see invisible.
 s - a +3 flail of freezing
 t - a +2 falchion of draining
 y - a +4 short sword of freezing (weapon)
Missiles
 k - 5 throwing nets
 q - 2 curare-tipped darts (quivered)
Armour
 b - a +0 leather armour
 h - a +0 ring mail (melded)
 i - a +0 helmet (melded)
 o - a +1 pair of gloves (melded)
 w - a scarf of shadows (melded)
 z - a +2 robe of willpower
Magical Staves
 E - the staff of Zuihet {rF+ Dex+3 Earth}
   (You found it on level 8 of the Dungeon)

   [staff of earth]

   Base accuracy: +5 Base damage: 5 Base attack delay: 1.2 This weapon's minimum
   attack delay (0.6) is reached at skill level 12.
   Dex+3:     It affects your dexterity (+3).
   rF+:       It protects you from fire.
   Earth:     It increases the power of your Earth spells.
   It falls into the 'Staves' category.
   It is a one-handed weapon.
Jewellery
 a - the ring of Macvik {Fire Str+2 SInv Stlth+}
   (You found it on level 6 of the Dungeon)

   [ring of fire]

   Fire:      It enhances your fire magic.
   Str+2:     It affects your strength (+2).
   rF+:       It protects you from fire.
   rC-:       It makes you vulnerable to cold.
   SInv:      It lets you see invisible.
   Stlth+:    It makes you more stealthy.
 v - a ring of magical power
Wands
 c - a wand of flame (18)
 d - a wand of charming (7)
 e - a wand of iceblast (2)
Scrolls
 g - 2 scrolls of enchant armour
 j - 8 scrolls of teleportation
 m - a scroll of poison
 p - a scroll of immolation
 u - a scroll of identify {@r1}
 B - a scroll of fog
 D - a scroll of fear
Potions
 l - 2 potions of resistance
 x - 2 potions of enlightenment
 A - a potion of magic
 C - a potion of mutation


   Skills:
 + Level 5.8 Fighting
 + Level 5.2 Short Blades
 + Level 5.2 Long Blades
 + Level 5.2 Axes
 + Level 5.2 Maces & Flails
 + Level 5.2 Polearms
 + Level 5.2 Staves
 + Level 5.2 Ranged Weapons
 + Level 5.2 Throwing
 + Level 7.0 Armour
 + Level 5.8 Dodging
 + Level 5.7 Stealth
 + Level 5.2 Shields
 + Level 5.2 Unarmed Combat
 + Level 5.2 Spellcasting
 + Level 4.2 Conjurations
 + Level 4.2 Hexes
 + Level 4.2 Summonings
 + Level 4.2 Necromancy
 + Level 4.2 Translocations
 + Level 4.2 Transmutations
 + Level 4.2 Fire Magic
 + Level 4.2 Ice Magic
 + Level 4.2 Air Magic
 + Level 4.2 Earth Magic
 + Level 4.2 Poison Magic
 + Level 5.7 Invocations
 + Level 8.4 Evocations
 + Level 4.7 Shapeshifting


You had 17 spell levels left.
You knew the following spells:

 Your Spells              Type           Power      Damage    Failure   Level
a - Blink                 Tloc           26%        N/A       4%          2

Your spell library contained the following spells:

 Spells                   Type           Power      Damage    Failure   Level
 Lesser Beckoning         Tloc           26%        N/A       4%          2
 Momentum Strike          Conj/Tloc      26%        3d8       4%          2
 Scorch                   Fire           26%        2d6       4%          2
 Flame Wave               Conj/Fire      13%        2d6       32%         4
 Manifold Assault         Tloc           13%        N/A       32%         4
 Summon Cactus Giant      Summ           6%         N/A       99%         6


Dungeon Overview and Level Annotations

Branches:
Dungeon (8/15)             Temple (0/1) D:4           Sewer (visited)
   Lair: D:8-11

Altars:
Makhleb
Qazlal

Shops:
D:2 *   D:5 *


Innate Abilities, Weirdness & Mutations

You are a tree.
Your roots penetrate the ground, keeping you stationary.
You cannot be teleported.
You are immune to unholy pain and torment.
Your maximum health is greatly increased.
Your equipment is partially melded.
((You have very sharp teeth.))
Your uncanny sense of smell can sniff out nearby items.
Your experience applies equally to all skills.


Message History

You feel sick.
The killer bee stings you but does no damage. x2
You closely miss the killer bee.
The killer bee is lightly wounded.
The killer bee stings you but does no damage.
You barely miss the killer bee.
The killer bee is lightly wounded.
You feel sick.
The killer bee stings you but does no damage. x2
You hit the killer bee but do no damage.
The killer bee is lightly wounded.
You feel sick.
The killer bee stings you but does no damage.
You hit the killer bee. You freeze the killer bee.
The killer bee is heavily wounded.
You feel sick.
You are no longer poisoned.
The killer bee stings you but does no damage. x2
You barely miss the killer bee.
The killer bee is heavily wounded.
The killer bee stings you but does no damage.
You barely miss the killer bee. Your punch misses the killer bee.
The killer bee is heavily wounded.
The killer bee stings you but does no damage.
The killer bee stings you.
* * * LOW HITPOINT WARNING * * *
You barely miss the killer bee.
The killer bee is heavily wounded.
The killer bee stings you but does no damage.
You closely miss the killer bee.
The killer bee is heavily wounded.
The killer bee stings you!
* * * LOW HITPOINT WARNING * * *
You closely miss the killer bee.
The killer bee is heavily wounded.
The killer bee stings you but does no damage. x2
You miss the killer bee.
The killer bee is heavily wounded.
The killer bee stings you!
You die...

#.# #.#.# #.# #.#
####.#.### #.# #.#
#........# #.#
#.######.#....#.#######.#
#.......................#
########.#....#.#########
#.##...#.# #.##.###.#
#.♣yo....# ####o##### #)#
#.o# #..y# #..... #......
#.o..... .....h..


You could see a killer bee and 2 orcs.

Vanquished Creatures
  The ghost of PowderKeg the Fighter, a novice FoDe of Zin (D:6)
  A steam dragon (D:7)
  Menkaure (D:6)
  A black bear (D:7)
  An orc warrior (D:8)
  3 ice beasts (D:6)
  A centaur (D:7)
  An ogre (D:5)
  A phantom (D:5)
  A kobold brigand (Sewer)
  A gnoll sergeant (D:7)
  3 scorpions
  A water moccasin zombie (D:7)
  9 wights
  A killer bee (D:8)
  A howler monkey (D:5)
  2 hounds
  3 orc priests
  2 iguanas
  3 jellies
  Jessica (D:3)
  2 sleepcaps
  6 orc wizards
  Natasha (thrice) (D:3)
  A killer bee zombie (D:7)
  A howler monkey zombie (D:7)
  10 adders
  13 gnolls
  2 river rats (Sewer)
  A shadow imp (D:7)
  A howler monkey simulacrum (D:6)
  5 white imps
  3 worms
  4 dart slugs
  30 orcs
  6 endoplasms
  2 giant cockroaches (D:3)
  9 goblins
  4 hobgoblins
  2 jackals (D:3)
  4 quokkas
  12 ball pythons
  7 bats
  3 frilled lizards
  14 kobolds
  5 rats
189 creatures vanquished.

Vanquished Creatures (collateral kills)
  Sigmund (D:5)
  7 wights
  A killer bee (D:8)
  An orc priest (D:8)
  2 orc wizards (D:8)
12 creatures vanquished.

Vanquished Creatures (others)
  An orc warrior (D:8)
  3 wights
4 creatures vanquished.

Grand Total: 205 creatures vanquished

Notes
Turn   | Place    | Note
-------+----------+-------------------------------------------
     0 | D:1      | miscthings the Gnoll Artificer began the quest for the Orb.
     0 | D:1      | Reached XP level 1. HP: 17/17 MP: 1/1
    44 | D:1      | Found a faded altar of an unknown god.
    58 | D:1      | Prayed at the altar of an unknown god.
    58 | D:1      | Became a worshipper of Makhleb the Destroyer
    58 | D:1      | Reached * piety under Makhleb
   138 | D:1      | Reached XP level 2. HP: 21/23 MP: 2/2
   658 | D:2      | Reached XP level 3. HP: 27/28 MP: 3/3
   720 | D:2      | Found Measerph's Assorted Antiques.
   727 | D:2      | Bought a scroll labelled LOEMIZIUKI for 28 gold pieces
   863 | D:2      | Reached skill level 1 in Invocations
   880 | D:2      | Reached ** piety under Makhleb
  1118 | D:2      | Reached skill level 1 in Short Blades
  1118 | D:2      | Reached skill level 1 in Long Blades
  1118 | D:2      | Reached skill level 1 in Axes
  1118 | D:2      | Reached skill level 1 in Maces & Flails
  1118 | D:2      | Reached skill level 1 in Polearms
  1118 | D:2      | Reached skill level 1 in Staves
  1118 | D:2      | Reached skill level 1 in Ranged Weapons
  1118 | D:2      | Reached skill level 1 in Throwing
  1118 | D:2      | Reached skill level 1 in Shields
  1118 | D:2      | Reached skill level 1 in Unarmed Combat
  1118 | D:2      | Reached skill level 1 in Spellcasting
  1358 | D:2      | Reached XP level 4. HP: 34/34 MP: 5/5
  1650 | D:3      | Reached skill level 1 in Shapeshifting
  1691 | D:3      | Noticed Jessica
  1694 | D:3      | Killed Jessica
  1695 | D:3      | Reached skill level 1 in Conjurations
  1695 | D:3      | Reached skill level 1 in Hexes
  1695 | D:3      | Reached skill level 1 in Summonings
  1695 | D:3      | Reached skill level 1 in Necromancy
  1695 | D:3      | Reached skill level 1 in Translocations
  1695 | D:3      | Reached skill level 1 in Transmutations
  1695 | D:3      | Reached skill level 1 in Fire Magic
  1695 | D:3      | Reached skill level 1 in Ice Magic
  1695 | D:3      | Reached skill level 1 in Air Magic
  1695 | D:3      | Reached skill level 1 in Earth Magic
  1695 | D:3      | Reached skill level 1 in Poison Magic
  1706 | D:3      | Noticed Natasha
  1714 | D:3      | Killed Natasha
  1812 | D:3      | Reached XP level 5. HP: 17/40 MP: 5/7
  1843 | D:3      | Found a glowing drain.
  1853 | Sewer    | Entered a sewer
  1997 | Sewer    | Noticed a kobold brigand
  2008 | Sewer    | Killed a kobold brigand
  2078 | Sewer    | Reached XP level 6. HP: 41/47 MP: 8/8
  2218 | D:3      | Noticed Natasha
  2219 | D:3      | Reached *** piety under Makhleb
  2230 | D:3      | Killed Natasha
  2469 | D:3      | Reached skill level 5 in Armour
  2947 | D:3      | Noticed Natasha
  2953 | D:3      | Killed Natasha
  3022 | D:2      | Bought 2 scrolls labelled DUZOSHR KU HEL for 56 gold pieces
  3022 | D:2      | Bought a scroll labelled ZERUNE IDIN for 28 gold pieces
  3441 | D:2      | Bought a bubbling red potion for 25 gold pieces
  3594 | D:4      | Found a staircase to the Ecumenical Temple.
  3639 | D:4      | Reached XP level 7. HP: 43/52 MP: 10/10
  3711 | D:4      | Reached skill level 7 in Evocations
  3919 | D:5      | Entered Level 5 of the Dungeon
  3920 | D:5      | Noticed Sigmund
  4052 | D:5      | Reached **** piety under Makhleb
  4093 | D:5      | Learned a level 2 spell: Blink
  4105 | D:5      | Found Kaibrudgh's General Store.
  4145 | D:5      | Bought a scroll of immolation for 48 gold pieces
  4218 | D:5      | Killed Sigmund
  4219 | D:5      | Reached XP level 8. HP: 60/60 MP: 12/12
  4234 | D:5      | Identified the +4 falchion of Resob {antimagic, rF- Int+5
                  | SInv}
  4321 | D:5      | Found a stormy altar of Qazlal.
  4771 | D:6      | Noticed Menkaure
  4781 | D:6      | Killed Menkaure
  5141 | D:6      | HP: 1/61 [iguana (10)]
  5463 | D:6      | Found a runed translucent gate.
  5463 | D:6      | Found a runed translucent gate.
  5463 | D:6      | Found a runed translucent gate.
  5490 | D:6      | Reached XP level 9. HP: 66/66 MP: 4/14
  5651 | D:6      | Noticed PowderKeg's ghost (novice FoDe)
  5906 | D:7      | Reached skill level 5 in Fighting
  5906 | D:7      | Reached skill level 5 in Dodging
  5908 | D:7      | Reached ***** piety under Makhleb
  6082 | D:7      | Reached skill level 5 in Stealth
  6175 | D:7      | Reached skill level 8 in Evocations
  6266 | D:7      | HP: 3/68 [centaur (2)]
  6519 | D:7      | Reached skill level 5 in Invocations
  7046 | D:6      | Killed PowderKeg's ghost
  7047 | D:6      | Reached skill level 5 in Short Blades
  7047 | D:6      | Reached skill level 5 in Long Blades
  7047 | D:6      | Reached skill level 5 in Axes
  7047 | D:6      | Reached skill level 5 in Maces & Flails
  7047 | D:6      | Reached skill level 5 in Polearms
  7047 | D:6      | Reached skill level 5 in Staves
  7047 | D:6      | Reached skill level 5 in Ranged Weapons
  7047 | D:6      | Reached skill level 5 in Throwing
  7047 | D:6      | Reached skill level 5 in Shields
  7047 | D:6      | Reached skill level 5 in Unarmed Combat
  7047 | D:6      | Reached skill level 5 in Spellcasting
  7047 | D:6      | Reached XP level 10. HP: 16/76 MP: 17/17
  7081 | D:6      | Got the ring of Macvik {Fire Str+2 SInv Stlth+}
  7360 | D:8      | Identified the staff of Zuihet {rF+ Dex+3 Earth}
  7550 | D:8      | HP: 3/114 [killer bee (7)]
  7552 | D:8      | Slain by a killer bee

Illustrated notes

Levels and vault maps discovered:
D:1:      saegor_arrival_under_anarchy, layout_loops_ring,
          ebering_ecumenical_altar_abandoned
D:2:      layout_basic, serial_shops, shop, minmay_misc_feat_rugged,
          serial_bayou_pond_d
D:3:      layout_basic, mainiacjoe_sewer_entry_somewhere_in_here_2,
          kennysheep_boxes, uniq_natasha, uniq_jessica
D:4:      layout_basic, minmay_temple_entry_hall, serial_curves, eino_curves_02,
          eino_curves_02
D:5:      layout_basic, mainiacjoe_overflow_chevrons, serial_shops,
          nicolae_shop_just_a_little_nook, hangedman_decor_opposing,
          grunt_ministairs_1, chequers_hall_statues_y, minmay_misc_feat_hallway,
          uniq_sigmund
D:6:      layout_rooms, gammafunk_ghost_icy, nicolae_letterblocks
          [nicolae_letter_subblock, nicolae_letter_subblock,
          nicolae_letter_subblock, nicolae_letter_subblock,
          nicolae_letter_subblock, nicolae_letter_subblock,
          nicolae_letter_subblock, nicolae_letter_subblock,
          nicolae_letter_subblock, nicolae_letter_subblock,
          nicolae_letter_subblock, nicolae_letter_subblock,
          nicolae_letter_subblock, nicolae_letter_subblock,
          nicolae_letter_subblock, nicolae_letter_subblock,
          nicolae_letter_subblock, nicolae_letter_subblock,
          nicolae_letter_subblock, nicolae_letter_subblock,
          nicolae_letter_subblock, nicolae_letter_subblock,
          nicolae_letter_subblock, nicolae_letter_subblock,
          nicolae_letter_subblock], uniq_menkaure
D:7:      layout_rooms, serial_undead, serial_undead_b, serial_undead_f,
          serial_undead_e, serial_undead_e, serial_undead_e
D:8:      layout_loops_corners, erik_lair_orcish_takeover, roderic_batcave

Skill      XL: |  1  2  3  4  5  6  7  8  9 10 |
---------------+-------------------------------+-----
Invocations    | 1 2 3 4 5 |  5.7
Short Blades   | 1 2 3 5 |  5.2
Long Blades    | 1 2 3 5 |  5.2
Axes           | 1 2 3 5 |  5.2
Maces & Flails | 1 2 3 5 |  5.2
Polearms       | 1 2 3 5 |  5.2
Staves         | 1 2 3 5 |  5.2
Ranged Weapons | 1 2 3 5 |  5.2
Throwing       | 1 2 3 5 |  5.2
Shields        | 1 2 3 5 |  5.2
Unarmed Combat | 1 2 3 5 |  5.2
Spellcasting   | 1 2 3 5 |  5.2
Shapeshifting  | 1 2 3 4 |  4.7
Conjurations   | 1 2 3 4 |  4.2
Hexes          | 1 2 3 4 |  4.2
Summonings     | 1 2 3 4 |  4.2
Necromancy     | 1 2 3 4 |  4.2
Translocations | 1 2 3 4 |  4.2
Transmutations | 1 2 3 4 |  4.2
Fire Magic     | 1 2 3 4 |  4.2
Ice Magic      | 1 2 3 4 |  4.2
Air Magic      | 1 2 3 4 |  4.2
Earth Magic    | 1 2 3 4 |  4.2
Poison Magic   | 1 2 3 4 |  4.2
Fighting       | 3 4 5 |  5.8
Dodging        | 3 4 5 |  5.8
Stealth        | 3 4 5 |  5.7
Armour         | 5 6 7 |  7.0
Evocations     | 7 8 |  8.4

Action                     |  1- 3 |  4- 6 |  7- 9 | 10-12 || total
---------------------------+-------+-------+-------+-------++-------
  Melee: Club              |   141 |       |       |       ||   141
         Bite              |    18 |    21 |    46 |     7 ||    92
         Punch             |     3 |     6 |     9 |     1 ||    19
         Short sword       |    14 |    18 |    21 |    25 ||    78
         Mace              |       |   209 |   121 |    24 ||   354
         Falchion          |       |       |   221 |     2 ||   223
         Flail             |       |       |    11 |       ||    11
         Staff             |       |       |       |     9 ||     9
  Throw: Dart              |       |    11 |     9 |       ||    20
 Invoke: Minor Destruction |       |       |     3 |       ||     3
         Lesser Servant of |       |       |     2 |       ||     2
  Evoke: Wand              |       |       |    27 |     1 ||    28
    Use: Scroll            |       |    11 |     8 |       ||    19
         Potion            |       |     6 |     5 |     1 ||    12
   Stab: Sleeping          |     4 |     2 |       |     1 ||     7
 Armour: Leather armour    |    13 |       |       |       ||    13
         Ring mail         |    99 |   160 |   296 |    30 ||   585
         Skin              |       |       |     1 |    22 ||    23
  Dodge: Dodged            |    94 |   124 |   231 |    20 ||   469

Table legend: (Time is in decaauts)
 A = Elapsed time spent in this place.
 B = Non-inter-level travel time spent in this place.
 C = Inter-level travel time spent in this place.
 D = Time resting spent in this place.
 E = Time spent auto-exploring this place.
 F = Levels seen in this place.
 G = Mean time per level.
                   A        B        C        D        E       F      G
               +--------+--------+--------+--------+--------+-----+--------+
         Total |   7807 |   7319 |    488 |   1093 |   3751 |   9 |  867.4 |
       Dungeon |   7369 |   6881 |    488 |   1093 |   3556 |   8 |  921.1 |
         Sewer |    438 |    438 |      0 |      0 |    195 |   1 |  438.0 |
               +--------+--------+--------+--------+--------+-----+--------+

Top non-repeatable levels by time:
     D:6: 1242 daAuts
     D:2: 1193 daAuts
     D:7: 1156 daAuts
     D:3: 1141 daAuts
     D:5: 814 daAuts
     D:4: 783 daAuts
     D:1: 632 daAuts
   Sewer: 438 daAuts
     D:8: 405 daAuts
